 Dungeon Crawl Stone Soup version 0.20.1-1-g8b1a95d (webtiles) character file.

17916 Gnungangingling the Cleaver (level 12, -2/106 HPs)
             Began as a Hill Orc Fighter on Sept 8, 2017.
             Was a Priest of Beogh.
             Killed from afar by a deep elf mage (12 damage)
             ... with a bolt of lightning
             ... on level 13 of the Dungeon on Sept 11, 2017.
             The game lasted 00:34:32 (8765 turns).

Gnungangingling the Cleaver (Hill Orc Fighter)      Turns: 8765, Time: 00:34:32

Health: -2/106     AC: 21    Str: 27    XL:     12   Next: 53%
Magic:  0/13       EV:  8    Int:  8    God:    Beogh [***...]
Gold:   563        SH: 13    Dex: 12    Spells: 11/11 levels left

rFire    . . .     SeeInvis .   t - +5 hand axe (elec)
rCold    . . .     Gourm    .   c - +0 shield
rNeg     . . .     Faith    .   n - +2 plate armour
rPois    .         Spirit   +   j - +0 helmet
rElec    .         Reflect  .   o - +2 cloak
rCorr    .         Harm     .   (no gloves)
MR       .....                  (no boots)
Stlth    ..........             l - amulet of guardian spirit
Regen    0.3/turn               y - ring of flight
MPRegen  0.2/turn               (no ring)

@: mighty
A: no striking features
a: Smiting, Renounce Religion, Evoke Flight


You were on level 13 of the Dungeon.
You worshipped Beogh.
Beogh was most pleased with you.
You were not hungry.

You visited 1 branch of the dungeon, and saw 11 of its levels.

You collected 563 gold pieces.

Inventory:

Hand Weapons
 t - a +5 hand axe of electrocution (weapon)
 M - a +5 battleaxe
Armour
 c - a +0 shield (worn)
 j - a +0 helmet (worn)
 n - a +2 plate armour (worn)
 o - a +2 cloak (worn)
Jewellery
 l - an amulet of guardian spirit (around neck)
 y - a ring of flight (left hand)
Wands
 v - a wand of random effects (19/48)
 x - a wand of polymorph (13/24)
 D - a wand of flame (31/48)
 H - a wand of disintegration (8/24)
 I - a wand of clouds (7/9)
Scrolls
 g - 4 scrolls of remove curse
 h - 3 scrolls of amnesia
 p - 10 scrolls of identify
 r - a scroll of teleportation
 w - 3 scrolls of fog {unknown}
 z - a scroll of random uselessness {unknown}
 A - a scroll of brand weapon {unknown}
 C - 3 scrolls of magic mapping
 F - 2 scrolls of blinking {unknown}
 G - a scroll of noise {unknown}
 J - a scroll of holy word {unknown}
 L - a scroll of enchant weapon
Potions
 b - a potion of berserk rage {unknown}
 d - 2 potions of might
 e - 5 potions of curing
 f - 2 potions of resistance {unknown}
 i - a potion of cancellation {unknown}
 k - 2 potions of haste {unknown}
 q - 3 potions of flight {unknown}
 s - 2 potions of agility {unknown}
 E - 4 potions of degeneration {unknown}
Books
 N - a book of Cantrips

   Spells                             Type                      Level
   a - Confusing Touch                Hexes                        1
   b - Animate Skeleton               Necromancy                   1
   c - Summon Small Mammal            Summoning                    1
   d - Apportation                    Translocation                1
Comestibles
 m - 2 royal jellies
 u - 21 fruits
 B - a meat ration
 K - a bread ration


   Skills:
 + Level 10.2 Fighting
 + Level 14.5 Axes
 + Level 10.8 Armour
 + Level 2.2 Dodging
 + Level 1.3 Stealth
 + Level 11.9 Shields
 + Level 1.8 Invocations


You had 11 spell levels left.
You didn't know any spells.

Dungeon Overview and Level Annotations

Branches:
Dungeon (13/15)               Orc (0/2) D:12         Vaults (0/5) D:13
 Temple: D:4-7         Lair: D:8-11

Altars:
Dithmenos
Gozag
Nemelex Xobeh
Uskayaw
The Shining One


Message History

The centaur warrior zombie closely misses your orc warrior.
Your orc warrior closely misses the deep elf mage.
Something hits your orc warrior. The deep elf mage casts a spell at you.
The bolt of lightning hits your orc warrior.
The bolt of lightning hits your orc sorcerer.
The bolt of lightning hits you!
* * * LOW HITPOINT WARNING * * *
The centaur warrior zombie hits your orc warrior.
Your orc warrior hits the centaur warrior zombie with a mace!
Something hits your orc warrior but does no damage.
Beogh accepts your kill.
You feel a bit more experienced.
The deep elf mage points at you and mumbles some strange words.
The bolt of lightning hits your orc warrior.
Your orc warrior dies!
The bolt of lightning hits your orc sorcerer.
Your orc sorcerer dies!
The bolt of lightning hits you!
You die...

#..## #.....
##.## #..[#
#..## ##+###
##...## #5 ...#
#.....##o#%..#.
#.....o#e......
#....())Zp.∩...
#......#K......
#...@.##.#p..#.
#....## #. K..#
#...## ##K###
#...# #... ###.
#. ##


You could see a vault guard, a deep elf mage, a centaur warrior zombie and a
friendly orc knight.

Vanquished Creatures
  Gastronok (D:10)
  A vault guard (D:13)
  4 two-headed ogres
  A centaur warrior (D:13)
  Sonja (D:11)
  An unseen horror (D:12)
  An ugly thing (D:12)
  A deep elf mage (D:12)
  A manticore (D:11)
  An efreet (D:11)
  A kobold demonologist (D:12)
  3 trolls
  A slime creature (D:13)
  6 hippogriffs
  A meliai zombie (D:12)
  A shadow (D:12)
  A vampire (D:9)
  A wyvern (D:9)
  4 yaks (D:11)
  3 hungry ghosts
  A steam dragon (D:12)
  7 vampire mosquitoes
  A soldier ant (D:13)
  3 black bears
  4 orc warriors
  3 ogres
  2 phantoms
  4 sky beasts
  An eye of draining (D:9)
  11 centaurs
  3 big kobolds
  5 bullfrogs
  A water moccasin skeleton (D:9)
  4 scorpions
  10 wights
  5 crimson imps
  2 jellies
  A quasit (D:9)
  8 orc wizards
  6 orc priests
  2 hounds
  2 iguanas
  Jessica (D:3)
  Ijyb (D:3)
  Natasha (D:3)
  4 worker ants
  A killer bee zombie (D:8)
  A hound zombie (D:11)
  2 hound skeletons
  A worker ant zombie (D:8)
  4 gnolls (D:7)
  8 adders
  A howler monkey skeleton (D:9)
  2 shadow imps
  An ooze (D:1)
  An adder zombie (D:9)
  A worm (D:2)
  A worm (shapeshifter) (D:13)
  3 dart slugs
  8 leopard geckos
  26 orcs
  2 ball pythons
  2 bats (D:2)
  5 giant cockroaches
  6 hobgoblins
  8 jackals
  4 quokkas
  4 frilled lizards
  8 goblins
  12 kobolds
  9 rats
249 creatures vanquished.

Vanquished Creatures (collateral kills)
  An unseen horror (D:13)
  An eye of draining (D:12)
  A wyvern skeleton (D:13)
  A shadow imp (D:13)
  An orc (D:12)
5 creatures vanquished.

Vanquished Creatures (others)
  An orc warrior (D:13)
  An orc sorcerer (D:13)
  A vampire (D:13)
  2 orcs (D:12)
5 creatures vanquished.

Grand Total: 259 creatures vanquished

Notes
Turn   | Place    | Note
-------+----------+-------------------------------------------
     0 | D:1      | Gnungangingling the Hill Orc Fighter began the quest for the Orb.
     0 | D:1      | Reached XP level 1. HP: 19/19 MP: 1/1
   137 | D:1      | Reached XP level 2. HP: 26/27 MP: 2/2
   302 | D:1      | Reached skill level 3 in Axes
   322 | D:1      | Reached XP level 3. HP: 20/33 MP: 3/3
   529 | D:2      | Reached XP level 4. HP: 21/40 MP: 4/4
   675 | D:2      | Reached skill level 4 in Axes
  1617 | D:3      | Reached XP level 5. HP: 39/47 MP: 3/5
  1662 | D:3      | Noticed Jessica
  1666 | D:3      | Killed Jessica
  1666 | D:3      | Reached skill level 5 in Axes
  1827 | D:3      | Noticed Ijyb
  1839 | D:3      | Killed Ijyb
  2039 | D:3      | Noticed Natasha
  2043 | D:3      | Killed Natasha
  2043 | D:3      | Reached XP level 6. HP: 53/53 MP: 6/6
  2352 | D:4      | Became a worshipper of Beogh the Brigand
  2358 | D:4      | Reached skill level 6 in Axes
  2384 | D:4      | Noticed a phantom
  2419 | D:4      | Killed a phantom
  2444 | D:4      | Reached skill level 5 in Fighting
  2493 | D:4      | You fall through a shaft for 3 floors!
  2529 | D:7      | Reached skill level 5 in Shields
  2529 | D:7      | Reached XP level 7. HP: 44/61 MP: 3/7
  2594 | D:7      | Noticed a hippogriff
  2605 | D:7      | Killed a hippogriff
  2605 | D:7      | Reached skill level 7 in Axes
  2605 | D:7      | Reached skill level 1 in Dodging
  3050 | D:7      | Found a sparkling altar of Nemelex Xobeh.
  3068 | D:7      | Found an opulent altar of Gozag.
  3079 | D:7      | Found a shadowy altar of Dithmenos.
  3594 | D:8      | Reached XP level 8. HP: 70/70 MP: 8/8
  3597 | D:8      | Reached skill level 8 in Axes
  3634 | D:8      | Reached skill level 5 in Armour
  3691 | D:8      | Reached * piety under Beogh
  3809 | D:8      | Noticed a two-headed ogre
  3827 | D:8      | Killed a two-headed ogre
  3827 | D:8      | Reached skill level 9 in Axes
  3827 | D:8      | Reached XP level 9. HP: 38/78 MP: 1/9
  4015 | D:8      | Noticed a two-headed ogre
  4023 | D:8      | Killed a two-headed ogre
  4078 | D:8      | Reached skill level 10 in Axes
  4636 | D:9      | Noticed a two-headed ogre
  4639 | D:9      | Killed a two-headed ogre
  4639 | D:9      | Reached XP level 10. HP: 65/86 MP: 7/10
  5327 | D:9      | Reached skill level 1 in Stealth
  5414 | D:9      | Reached skill level 11 in Axes
  5753 | D:10     | Entered Level 10 of the Dungeon
  5807 | D:10     | Found a hide-covered altar of Uskayaw.
  5922 | D:10     | Noticed Gastronok
  5943 | D:10     | Killed Gastronok
  5943 | D:10     | Reached skill level 12 in Axes
  5943 | D:10     | Reached skill level 10 in Shields
  5943 | D:10     | Reached XP level 11. HP: 95/95 MP: 11/11
  6017 | D:10     | Reached ** piety under Beogh
  6106 | D:10     | You fall through a shaft!
  6799 | D:11     | Reached skill level 13 in Axes
  7149 | D:11     | Noticed Sonja
  7156 | D:11     | Killed Sonja
  7469 | D:11     | Found a glowing golden altar of the Shining One.
  7581 | D:11     | Reached skill level 1 in Invocations
  7772 | D:11     | Noticed a manticore
  7781 | D:11     | Killed a manticore
  7781 | D:11     | Reached *** piety under Beogh
  7827 | D:12     | Noticed a two-headed ogre
  7829 | D:12     | Noticed a red ugly thing
  7837 | D:12     | Killed a two-headed ogre
  7843 | D:12     | Killed a red ugly thing
  7865 | D:12     | Found a staircase to the Orcish Mines.
  7980 | D:12     | Reached skill level 10 in Armour
  7980 | D:12     | Reached XP level 12. HP: 102/105 MP: 13/13
  8136 | D:12     | Reached skill level 14 in Axes
  8724 | D:13     | Noticed a vault guard
  8724 | D:13     | Found a gate to the Vaults.
  8731 | D:13     | Killed a vault guard
  8731 | D:13     | Reached skill level 10 in Fighting
  8735 | D:13     | Noticed a centaur warrior
  8749 | D:13     | Killed a centaur warrior
  8759 | D:13     | Noticed a vault guard
  8765 | D:13     | Killed from afar by a deep elf mage

Skill      XL: |  1  2  3  4  5  6  7  8  9 10 11 12 |
---------------+-------------------------------------+-----
Axes           | 3 4 5 6 7 9 10 12 13 14 | 14.5
Fighting       | 4 5 6 7 8 9 10 | 10.2
Shields        | 4 5 7 9 10 11 | 11.9
Armour         | 4 6 8 9 10 | 10.8
Dodging        | 1 2 |  2.2
Stealth        | 1 |  1.3
Invocations    | 1 |  1.8

Action                   |  1- 3 |  4- 6 |  7- 9 | 10-12 || total
-------------------------+-------+-------+-------+-------++-------
Melee: War axe           |   110 |   130 |       |       ||   240
       Hand axe          |       |    82 |   171 |   466 ||   719
       Battleaxe         |       |       |       |    22 ||    22
Invok: Convert to Beogh  |       |     1 |       |       ||     1
       Smiting           |       |       |       |     4 ||     4
  Use: Scroll            |       |     7 |     3 |     8 ||    18
       Potion            |       |       |     3 |     4 ||     7
  Eat: Chunk             |       |     3 |       |       ||     3
       Bread ration      |       |     1 |     4 |     1 ||     6
       Fruit             |       |       |       |     8 ||     8
       Royal jelly       |       |       |       |     1 ||     1
Armor: Scale mail        |    53 |    18 |       |       ||    71
       Plate armour      |       |   108 |    83 |   269 ||   460
Dodge: Dodged            |    44 |    38 |    17 |    85 ||   184
Block: Shield            |    75 |    97 |    95 |   233 ||   500
